 Dungeon Crawl Stone Soup version 0.30-a0-222-ge547ba4400 (webtiles) character file.

Game seed: 4778133296600651079

5464 tbh1313 the Basher (level 10, -14/138 HPs)
             Began as a Troll Berserker on Oct 9, 2022.
             Was a High Priest of Trog.
             Demolished by Erolcha
             ... wielding a +3 spectral giant spiked club
              (26 damage)
             ... on level 10 of the Dungeon.
             The game lasted 00:16:44 (8017 turns).

tbh1313 the Basher (Troll Berserker)                Turns: 8017, Time: 00:16:44

Health: -14/138    AC:  6    Str: 27    XL:     10   Next: 41%
Magic:  9/9        EV: 14    Int:  7    God:    Trog [*****.]
Gold:   619        SH:  5    Dex:  9    Spells: 9/9 levels left

rFire   + . .      SeeInvis .    e - +2 flail (drain)
rCold   . . .      Faith    .    (no shield)
rNeg    + . .      Spirit   .    d - +2 robe {rF+}
rPois   .          Reflect  +    (helmet restricted)
rElec   .          Harm     .    (no cloak)
rCorr   .          Rampage  .    (gloves unavailable)
Will    .....                    (boots unavailable)
Stlth   ..........               k - amulet of reflection
HPRegen 1.23/turn                w - +4 ring of evasion
MPRegen 0.11/turn                F - ring of positive energy

@: berserking (expiring), very quick
A: large, unfitting armour, claws 3, regeneration 1, shaggy fur 1, tough skin 1
a: Renounce Religion, Berserk, Trog's Hand, Brothers in Arms


You were on level 10 of the Dungeon.
You worshipped Trog.
Trog was extremely pleased with you.
You visited 1 branch of the dungeon, and saw 10 of its levels.

You collected 619 gold pieces.

Inventory:

Hand Weapons
 e - a +2 flail of draining (weapon)
 s - a +2 whip of freezing
 y - a +0 giant spiked club
Missiles
 o - 6 throwing nets (quivered)
Armour
 d - a +2 robe of fire resistance (worn)
Jewellery
 k - an amulet of reflection (around neck)
 w - a +4 ring of evasion (left claw)
 F - a ring of positive energy (right claw)
Wands
 a - a wand of mindburst (9)
 v - a wand of charming (12)
 D - a wand of digging (2)
Scrolls
 h - a scroll of butterflies
 l - 3 scrolls of enchant armour
 n - 2 scrolls of magic mapping
 q - a scroll of vulnerability
 x - 3 scrolls of teleportation
 B - a scroll of noise
 E - a scroll of identify
Potions
 b - a potion of lignification {unknown}
 c - 5 potions of heal wounds
 f - 4 potions of might
 g - 2 potions of magic {unknown}
 i - 9 potions of curing
 j - a potion of degeneration {unknown}
 m - 2 potions of attraction {unknown}
 p - 3 potions of mutation
 r - a potion of brilliance {unknown}
 t - 2 potions of flight {unknown}
 u - 2 potions of haste
 z - a potion of invisibility {unknown}
 A - a potion of cancellation {unknown}
 C - a potion of berserk rage {unknown}


   Skills:
 + Level 4.0 Fighting
 - Level 14.0 Maces & Flails
 - Level 2.4 Dodging


You had 9 spell levels left.
You didn't know any spells.
Your spell library was empty.

Dungeon Overview and Level Annotations

Branches:
Dungeon (10/15)            Temple (0/1) D:4             Orc (0/2) D:9
   Lair: D:8-11

Altars:
Elyvilon
Gozag
Makhleb
Nemelex Xobeh
Okawaru
Vehumet

Shops:
D:1 (

Annotations:
D:8 3 transporters
D:10 Erolcha


Innate Abilities, Weirdness & Mutations

You are too large for most types of armour.
You have claws for hands.
Your natural rate of healing is unusually fast.
You are covered in fur. (AC +1)
You have tough skin. (AC +1)


Message History

You kill the yak!
Trog accepts your kill.
Your Fighting skill increases to level 3!
You bludgeon the troll!! You drain the troll!
The troll is almost dead.
You block the yak's attack. The troll bites you! The troll barely misses you.
The troll claws you but does no damage.
You barely miss the troll.
The troll is almost dead.
You sock the troll!
You feel the power of Trog in you as your rage grows.
You kill the troll!
Trog accepts your kill.
The troll leather armour is intact enough to wear.
The yak gores you! The yak completely misses you. The yak gores you!
You completely miss the yak. You closely miss the yak.
The yak closely misses you. The yak gores you! The yak gores you.
You block something's attack.
You barely miss the yak. You barely miss the yak. You block the yak's attack.
The yak misses you. You block the yak's attack.
You sock the yak!
The yak is moderately wounded.
You hit the yak. You drain the yak.
The yak is severely wounded.
Something hits you!
You thump the yak!
The yak is almost dead.
The yak barely misses you. The yak gores you! x2
You bludgeon the yak!!
You kill the yak!
Trog accepts your kill.
Trog will now gift you melee weapons as you gain piety.
Your Fighting skill increases to level 4!
You sock something! The yak gores you!
* * * LOW HITPOINT WARNING * * *
The yak gores you!
* * * LOW HITPOINT WARNING * * *
Something hits you!!
You die...

..# #+##########..# ..#
#.............#
..#####.............#
....................####
........................
)....).#########........
).>....# #........
.......# #.{......
+#.....# #@†......
#.....# #YY.....$
#.....# #........
#.....# #........
#...... .......##
.......# .......#
........#


You could see 2 yaks.

Levels and vault maps discovered:
D:1:      dpeg_arrival_windows_large_door, layout_basic, serial_shops,
          shop_fountains
D:2:      minmay_skewed_foursquare, layout_basic
D:3:      cheibrodos_old_hovel, layout_loops_ring, makhleb_altar_promises_db,
          jmf_multi_god_temple2, shapermc_ecumenical_altar_hornbeckon
D:4:      layout_cave_pools, marbit_many_paths, temple_green
D:5:      layout_rooms, mainiacjoe_overflow_alcove_1, grunt_decor_arrowhead,
          uniq_grinder
D:6:      layout_loops_corners, corexii_leaking_fountain, uniq_eustachio,
          uniq_sigmund
D:7:      layout_loops_corners
D:8:      layout_basic, nicolae_transporter_circle
D:9:      layout_basic, nicolae_overflow_crystal_walls, david_orc_2
D:10:     layout_irregular_city, led_sif_pool,
          mainiacjoe_overflow_six_doors_small, david_defended_altar_orc,
          uniq_erolcha

Notes
Turn   | Place    | Note
-------+----------+-------------------------------------------
     0 | D:1      | tbh1313 the Troll Berserker began the quest for the Orb.
     0 | D:1      | Reached XP level 1. HP: 22/22 MP: 0/0
   167 | D:1      | Reached skill level 3 in Maces & Flails
   215 | D:1      | Reached XP level 2. HP: 29/29 MP: 1/1
   364 | D:1      | Reached ** piety under Trog
   446 | D:1      | Found Anyesy's Weapon Emporium.
   705 | D:2      | Reached XP level 3. HP: 36/36 MP: 2/2
   722 | D:2      | Reached skill level 4 in Maces & Flails
  1375 | D:3      | Reached XP level 4. HP: 44/44 MP: 3/3
  1505 | D:3      | Found a large runed translucent door.
  1563 | D:3      | Found a large runed translucent door.
  1607 | D:3      | Reached skill level 5 in Maces & Flails
  1635 | D:3      | Found a burning altar of Makhleb.
  1635 | D:3      | Noticed a green death
  1813 | D:3      | Found a faded altar of an unknown god.
  1924 | D:3      | Found an opulent altar of Gozag.
  1933 | D:3      | Found a radiant altar of Vehumet.
  1981 | D:4      | Reached XP level 5. HP: 49/50 MP: 4/4
  2015 | D:4      | Reached *** piety under Trog
  2019 | D:4      | Found an iron altar of Okawaru.
  2071 | D:4      | Reached skill level 6 in Maces & Flails
  2072 | D:4      | Identified the +8 sling "Jentymu" {vorpal, Fly rElec Dex-3}
  2298 | D:4      | Reached XP level 6. HP: 33/59 MP: 5/5
  2484 | D:4      | Found a staircase to the Ecumenical Temple.
  2607 | D:5      | Entered Level 5 of the Dungeon
  2770 | D:5      | Found a white marble altar of Elyvilon.
  2807 | D:5      | Reached skill level 7 in Maces & Flails
  2958 | D:5      | Noticed Grinder
  2982 | D:5      | Reached XP level 7. HP: 66/66 MP: 6/6
  3209 | D:5      | Killed Grinder
  3210 | D:5      | Reached skill level 8 in Maces & Flails
  3317 | D:5      | Reached skill level 9 in Maces & Flails
  3317 | D:5      | Reached XP level 8. HP: 70/74 MP: 7/7
  3599 | D:6      | Noticed Eustachio
  3620 | D:6      | Killed Eustachio
  3695 | D:6      | Reached skill level 10 in Maces & Flails
  4268 | D:6      | Noticed Sigmund
  4295 | D:6      | Killed Sigmund
  4296 | D:6      | Reached skill level 11 in Maces & Flails
  4351 | D:6      | Reached XP level 9. HP: 72/80 MP: 8/8
  4988 | D:7      | Identified the +0 plate armour of Morality {Rampage Str+4
                  | SInv}
  5542 | D:7      | Reached skill level 12 in Maces & Flails
  6101 | D:8      | Found a transporter.
  6106 | D:8      | Found a transporter.
  6182 | D:8      | Paralysed by a hornet for 1 turns
  6195 | D:8      | Reached **** piety under Trog
  6230 | D:8      | Reached skill level 13 in Maces & Flails
  6361 | D:8      | Found a transporter.
  6402 | D:8      | Found a transporter.
  6408 | D:8      | Identified the +8 falchion of Chance {freeze, Will+ Int+5}
  6959 | D:9      | Reached XP level 10. HP: 77/88 MP: 9/9
  6987 | D:9      | Paralysed by a hornet for 1 turns
  7153 | D:9      | Found a staircase to the Orcish Mines.
  7296 | D:9      | Found a sparkling altar of Nemelex Xobeh.
  7784 | D:10     | Entered Level 10 of the Dungeon
  7949 | D:10     | Reached skill level 14 in Maces & Flails
  7995 | D:10     | Noticed Erolcha
  8016 | D:10     | Reached ***** piety under Trog
  8017 | D:10     | HP: 12/138 [yak (14)]
  8017 | D:10     | Demolished by Erolcha

Table legend: (Time is in decaauts)
 A = Elapsed time spent in this place.
 B = Non-inter-level travel time spent in this place.
 C = Inter-level travel time spent in this place.
 D = Time resting spent in this place.
 E = Time spent auto-exploring this place.
 F = Levels seen in this place.
 G = Mean time per level.
                   A        B        C        D        E       F      G
               +--------+--------+--------+--------+--------+-----+--------+
         Total |   8085 |   7566 |    519 |    786 |   5245 |  10 |  808.5 |
       Dungeon |   8085 |   7566 |    519 |    786 |   5245 |  10 |  808.5 |
               +--------+--------+--------+--------+--------+-----+--------+

Top non-repeatable levels by time:
     D:6: 1223 daAuts
     D:5: 1013 daAuts
     D:7: 1006 daAuts
     D:9: 1001 daAuts
     D:8: 897 daAuts
     D:2: 720 daAuts
     D:3: 711 daAuts
     D:4: 678 daAuts
     D:1: 616 daAuts
    D:10: 217 daAuts

Table legend:
 A = Kills in this place as a percentage of kills in entire the game.
 B = Kills by you in this place as a percentage of kills by you in the entire game.
 C = Kills by friends in this place as a percentage of kills by friends in the entire game.
 D = Other kills in this place as a percentage of other kills in the entire game.
 E = Experience gained in this place as a percentage of experience gained in the entire game.
 F = Experience gained in this place divided by the number of levels of this place that you have seen.
                   A       B       C       D       E      F
               +-------+-------+-------+-------+-------+----------------------
         Total | 100.0 | 100.0 |   N/A |   N/A | 100.0 | 780.7
       Dungeon | 100.0 | 100.0 |   N/A |   N/A | 100.0 | 780.7
               +-------+-------+-------+-------+-------+----------------------

Action                   |  1- 3 |  4- 6 |  7- 9 | 10-12 || total
-------------------------+-------+-------+-------+-------++-------
Melee: Mace              |   107 |   184 |   324 |       ||   615
       Punch             |       |       |     7 |       ||     7
       Flail             |       |       |   129 |   131 ||   260
Throw: Throwing net      |       |       |     2 |       ||     2
Invok: Berserk           |     1 |     3 |     7 |     3 ||    14
       Trog's Hand       |       |     2 |     7 |       ||     9
  Use: Potion            |       |     1 |       |     2 ||     3
       Scroll            |       |       |    12 |     2 ||    14
 Stab: Sleeping          |     1 |       |       |       ||     1
Armor: Animal skin       |    43 |    50 |    29 |       ||   122
       Robe              |       |       |    51 |    28 ||    79
Dodge: Dodged            |    52 |    86 |   256 |    90 ||   484
Block: Other             |     8 |    59 |    95 |    40 ||   202
       Reflection        |       |     1 |     4 |     2 ||     7

Vanquished Creatures
  A troll (D:10)
  Grinder (D:5)
  2 hornets
  Sigmund (D:6)
  3 yaks (D:10)
  A steam dragon (D:8)
  Eustachio (D:6)
  2 black bears
  2 water moccasins
  6 orc warriors
  2 ice beasts
  3 ogres
  2 centaurs
  2 phantoms
  3 kobold brigands
  3 bullfrogs
  A gnoll sergeant (D:5)
  A necrophage (D:4)
  5 wights
  7 howler monkeys
  2 jellies
  5 orc priests
  2 gnoll boudas
  2 hounds
  4 iguanas
  9 orc wizards
  14 gnolls
  9 adders
  An ufetubus (D:6)
  3 worms
  53 orcs
  3 endoplasms
  3 giant cockroaches
  6 goblins
  5 hobgoblins
  4 jackals
  3 quokkas
  6 ball pythons
  6 bats
  3 frilled lizards
  25 kobolds
  3 rats
220 creatures vanquished.

Vanquished Creatures (others)
  2 plants (D:3)
2 creatures vanquished.

Grand Total: 222 creatures vanquished
